 Dungeon Crawl Stone Soup version 0.25-a0-404-gc1b5a34292 (webtiles) character file.

Game seed: 7688602972105129511, levelgen mode: deterministic

756983 onlineme the Ruinous (level 27, -1/177 (179) HPs)
             Began as a Deep Elf Conjurer on Jan 5, 2020.
             Was the Champion of Vehumet.
             Slain by a bennu (14 damage)
             ... on level 1 of the Tomb of the Ancients on Jan 10, 2020.
             The game lasted 06:11:06 (111564 turns).

onlineme the Ruinous (Deep Elf Conjurer)          Turns: 111564, Time: 06:11:06

HP:   -1/177 (179)  AC: 23    Str:  7    XL:     27
MP:   31/54         EV: 23    Int: 49    God:    Vehumet [******]
Gold: 10424         SH:  8    Dex: 15    Spells: 30/76 levels left

rFire    + + +     SeeInvis .   P - +3 mace "Byhum" {crush, rN+ Int+9}
rCold    + + +     Gourm    .   F - +3 buckler {rC+ rF+}
rNeg     + + +     Faith    .   G - +2 robe {rC+ rF+}
rPois    ∞         Spirit   .   J - +2 helmet {Int+3}
rElec    +         Reflect  .   u - scarf {rC+ rF+}
rCorr    .         Harm     .   K - +2 pair of gloves
MR       +++..                  b - +2 pair of boots {run}
Stlth    +++++.....             I - amulet of regeneration
HPRegen  0.79/turn              Y - ring of the Louse {+Fly rElec rPois Int+5}
MPRegen  0.34/turn              M - ring "Hughar" {+Fly rC+ AC+4 Stlth+}

@: lich-form, marked, slowed, deflect missiles, very slow
A: screaming 1, MP-powered wands
}: 4/15 runes: decaying, silver, icy, gossamer
a: End Transformation, Renounce Religion, Evoke Flight


You were on level 1 of the Tomb of the Ancients.
You worshipped Vehumet.
Vehumet was exalted by your worship.
You were not hungry.
You were a lich.
You visited 13 branches of the dungeon, and saw 58 of its levels.
You also visited: Trove, Sewer and Ice Cave.

You collected 16330 gold pieces.
You spent 5906 gold pieces at shops.

Inventory:

Hand Weapons
 y - the +9 rapier of the Pharaoh's Fist {pierce, rPois rF+++ MR++ Dex-5}
   (You took it off a deep elf sorcerer on level 3 of the Elven Halls)

   It inflicts extra damage upon your enemies.
   It affects your dexterity (-5).
   It renders you almost immune to fire.
   It protects you from poison.
   It affects your resistance to hostile enchantments.
 P - the +3 mace "Byhum" (weapon) {crush, rN+ Int+9}
   (You took it off a human on level 9 of the Dungeon)

   It inflicts extra damage upon your enemies.
   It affects your intelligence (+9).
   It protects you from negative energy.
Armour
 b - a +2 pair of boots of running (worn)
 p - the +1 robe of Wu Jian's Approval {rElec MR+ Dex+4}
   (You found it on level 1 of the Crypt)

   It affects your dexterity (+4).
   It insulates you from electricity.
   It affects your resistance to hostile enchantments.
 u - a scarf of resistance (worn)
 F - a +3 buckler of resistance (worn)
 G - a +2 robe of resistance (worn)
 J - a +2 helmet of intelligence (worn)
 K - a +2 pair of gloves (worn)
Magical Staves
 Q - an uncursed staff of cold
Jewellery
 n - an uncursed ring of see invisible
 I - an amulet of regeneration (around neck)
 M - the ring "Hughar" (right hand) {+Fly rC+ AC+4 Stlth+}
   (You took it off a necromancer on level 4 of the Depths)

   [ring of protection]

   It affects your AC (+4).
   It protects you from cold.
   It lets you fly.
   It makes you more stealthy.
 R - the ring of the Barnacle {rElec rC+ Dex+4 Stlth-}
   (You took it off a tengu warrior on level 4 of the Depths)

   [ring of attention]

   It affects your dexterity (+4).
   It protects you from cold.
   It insulates you from electricity.
   It makes you less stealthy.
 Y - the ring of the Louse (left hand) {+Fly rElec rPois Int+5}
   (You took it off a deep elf sorcerer on level 3 of the Elven Halls)

   [ring of intelligence]

   It affects your intelligence (+5).
   It insulates you from electricity.
   It protects you from poison.
   It lets you fly.
Wands
 s - a wand of digging (11)
 t - a wand of clouds (6)
 x - a wand of acid (50)
Scrolls
 f - 18 scrolls of remove curse
 h - 3 scrolls of magic mapping
 j - 12 scrolls of amnesia
 k - 6 scrolls of blinking
 m - 7 scrolls of immolation
 v - a scroll of summoning
 w - 17 scrolls of teleportation
 A - a scroll of holy word
 B - a scroll of enchant armour
 C - 8 scrolls of fog
 E - 2 scrolls of identify
 H - 2 scrolls of torment
 N - 4 scrolls of fear
Potions
 e - 17 potions of heal wounds
 g - 17 potions of curing
 i - 4 potions of ambrosia
 l - 12 potions of agility
 o - 9 potions of flight
 q - 8 potions of magic
 r - 2 potions of invisibility
 D - 6 potions of haste
 T - 3 potions of cancellation
 W - 5 potions of mutation
 Z - 3 potions of resistance
Miscellaneous
 S - a crystal ball of energy
Comestibles
 c - 62 rations


   Skills:
 - Level 20.1 Fighting
 - Level 0.3 Armour
 - Level 15.0 Dodging
 - Level 10.0 Stealth
 - Level 4.0 Shields
 - Level 25.0 Spellcasting
 - Level 25.0 Conjurations
 - Level 5.0 Charms
 - Level 17.1 Necromancy
 - Level 14.6 Transmutations
   Level 2.7 Fire Magic
   Level 3.0 Ice Magic
 + Level 13.6 Air Magic
 - Level 25.0 Earth Magic
 - Level 15.2 Evocations


You had 30 spell levels left.
You knew the following spells:

 Your Spells              Type           Power        Failure   Level  Hunger
b - Iskenderun's Battles  Conj/Chrm      ########     0%          5    N/A
d - Deflect Missiles      Chrm/Air       ########..   1%          6    N/A
i - Iron Shot             Conj/Erth      ########..   0%          6    N/A
n - Necromutation         Tmut/Necr      ########..   1%          8    N/A
o - Orb of Destruction    Conj           ########..   0%          7    N/A
s - Shatter               Erth           ########..   1%          9    N/A
v - Borgnjor's Vile Clut  Necr/Erth      #########.   0%          5    N/A

Your spell library contained the following spells:

 Spells                   Type           Power        Failure   Level  Hunger
 Chain Lightning          Conj/Air       ########..   1%          8    N/A
 Tornado                  Air            ########..   21%         9    N/A
 Ignition                 Fire           ######....   71%         8    N/A
 Animate Skeleton         Necr           N/A          0%          1    N/A
 Beastly Appendage        Tmut           ######       0%          1    N/A
 Foxfire                  Conj/Fire      ####         0%          1    N/A
 Magic Dart               Conj           ####         0%          1    N/A
 Sandblast                Erth           ######       0%          1    N/A
 Shock                    Conj/Air       ####         0%          1    N/A
 Sting                    Tmut/Pois      ####         0%          1    N/A
 Corpse Rot               Necr/Air       N/A          0%          2    N/A
 Passwall                 Tmut/Erth      ########     0%          2    N/A
 Searing Ray              Conj           ######       0%          2    N/A
 Sticks to Snakes         Tmut           ########     0%          2    N/A
 Sublimation of Blood     Necr           ########..   0%          2    N/A
 Swiftness                Chrm/Air       ########     0%          2    N/A
 Conjure Flame            Conj/Fire      ########     0%          3    N/A
 Dazzling Flash           Conj/Hex       ######       0%          3    N/A
 Mephitic Cloud           Conj/Pois/Air  ########     0%          3    N/A
 Stone Arrow              Conj/Erth      ######       0%          3    N/A
 Airstrike                Air            ########..   0%          4    N/A
 Animate Dead             Necr           N/A          0%          4    N/A
 Dispel Undead            Necr           ########     0%          4    N/A
 Fulminant Prism          Conj/Hex       ########..   0%          4    N/A
 Iskenderun's Mystic Bla  Conj/Tloc      ########     0%          4    N/A
 Leda's Liquefaction      Hex/Erth       ########..   0%          4    N/A
 Petrify                  Tmut/Erth      ########     0%          4    N/A
 Sticky Flame             Conj/Fire      ########     0%          4    N/A
 Agony                    Necr           ########     0%          5    N/A
 Blade Hands              Tmut           ########..   0%          5    N/A
 Bolt of Magma            Conj/Fire/Erth ########..   0%          5    N/A
 Fireball                 Conj/Fire      ########..   0%          5    N/A
 Irradiate                Conj/Tmut      ########..   0%          5    N/A
 Lee's Rapid Deconstruct  Erth           ########..   0%          5    N/A
 Conjure Ball Lightning   Conj/Air       ########..   0%          6    N/A
 Statue Form              Tmut/Erth      ########.    0%          6    N/A
 Apportation              Tloc           ######       1%          1    N/A
 Corona                   Hex            ######.      1%          1    N/A
 Freeze                   Ice            ####         1%          1    N/A
 Infusion                 Chrm           ####         1%          1    N/A
 Summon Small Mammal      Summ           ####         1%          1    N/A
 Blink                    Tloc           N/A          1%          2    N/A
 Call Imp                 Summ           ######..     1%          2    N/A
 Ensorcelled Hibernation  Hex/Ice        ######       1%          2    N/A
 Poisonous Vapours        Pois/Air       ######       1%          2    N/A
 Shroud of Golubria       Chrm/Tloc      ######       1%          2    N/A
 Slow                     Hex            ######..     1%          2    N/A
 Song of Slaying          Chrm           #######.     1%          2    N/A
 Call Canine Familiar     Summ           ######..     1%          3    N/A
 Confuse                  Hex            ######..     1%          3    N/A
 Confusing Touch          Hex            ######..     1%          3    N/A
 Gell's Gravitas          Tloc           ######....   1%          3    N/A
 Ignite Poison            Fire/Tmut/Pois #######.     1%          3    N/A
 Inner Flame              Hex/Fire       ######..     1%          3    N/A
 Lesser Beckoning         Tloc           ######....   1%          3    N/A
 Ozocubu's Armour         Chrm/Ice       #######.     1%          3    N/A
 Portal Projectile        Hex/Tloc       ######       1%          3    N/A
 Recall                   Summ/Tloc      N/A          1%          3    N/A
 Spectral Weapon          Hex/Chrm       ######..     1%          3    N/A
 Spider Form              Tmut/Pois      #######...   1%          3    N/A
 Summon Guardian Golem    Hex/Summ       ######..     1%          3    N/A
 Teleport Other           Tloc           ######..     1%          3    N/A
 Tukima's Dance           Hex            ######..     1%          3    N/A
 Cause Fear               Hex            ######....   1%          4    N/A
 Ice Form                 Ice/Tmut       #######.     1%          4    N/A
 Passage of Golubria      Tloc           N/A          1%          4    N/A
 Summon Ice Beast         Ice/Summ       ######..     1%          4    N/A
 Summon Lightning Spire   Summ/Air       #######.     1%          4    N/A
 Alistair's Intoxication  Tmut/Pois      #######.     1%          5    N/A
 Excruciating Wounds      Chrm/Necr      ########..   1%          5    N/A
 Silence                  Hex/Air        #######...   1%          5    N/A
 Yara's Violent Unravell  Hex/Tmut       #######...   1%          5    N/A
 Death Channel            Necr           ########..   1%          6    N/A
 Freezing Cloud           Conj/Ice/Air   ########..   1%          6    N/A
 Hydra Form               Tmut           ########..   1%          6    N/A
 Simulacrum               Ice/Necr       ########..   1%          6    N/A
 Starburst                Conj/Fire      ########..   1%          6    N/A
 Dragon Form              Tmut           ########..   1%          7    N/A
 Spellforged Servitor     Conj/Summ      ########..   1%          7    N/A
 Borgnjor's Revivificati  Necr           ########..   1%          8    N/A
 Infestation              Necr           ########..   1%          8    N/A
 Ozocubu's Refrigeration  Ice            ######....   2%          6    N/A
 Metabolic Englaciation   Hex/Ice        ######....   3%          5    N/A
 Haunt                    Necr/Summ      ########..   5%          7    N/A
 Death's Door             Chrm/Necr      ########..   14%         8    N/A
 Darkness                 Hex            ######....   30%         6    N/A
 Invisibility             Hex            ######..     30%         6    N/A
 Ring of Flames           Chrm/Fire      #######...   34%         7    N/A
 Controlled Blink         Tloc           N/A          100%        8    N/A
 Disjunction              Tloc           ######....   100%        8    N/A
 Dragon's Call            Summ           ######....   100%        9    N/A

Dungeon Overview and Level Annotations

Branches:
Dungeon (15/15)            Temple (0/1) D:5            Lair (6/6) D:11
  Swamp (4/4) Lair:3       Spider (4/4) Lair:4        Slime (0/5) Lair:5
    Orc (2/2) D:12            Elf (3/3) Orc:2        Vaults (5/5) D:13
  Crypt (3/3) Vaults:3       Tomb (2/3) Crypt:3      Depths (5/5) D:15
   Hell (visited)             Dis (0/7) Hell            Geh (1/7) Hell
    Coc (7/7) Hell            Tar (0/7) Hell            Zot (0/5) Depths:5
  Sewer (visited)           IceCv (visited)

Altars:
Ashenzari
Cheibriados
Elyvilon
Fedhas
Gozag
Kikubaaqudgha
Makhleb
Sif Muna
Uskayaw
Vehumet
Wu Jian
Yredelemnul
Zin
Beogh

Shops:
D:8 [   D:10 *   Orc:1 [   Orc:2 ([*%*:(([   Vaults:2 (%![(   Depths:2 (

Portals:
Hell: Depths:1 Depths:2 Depths:3 Depths:4 Depths:5
Abyss: Depths:2 Depths:4
Pandemonium: Depths:1 Depths:3
Ziggurat: Depths:4

Annotations:
D:7 2 transporters, ch1llma's ghost, novice GnWn
Depths:2 2 runed translucent doors
Depths:4 1 runed translucent door


Innate Abilities, Weirdness & Mutations

You occasionally shout uncontrollably at your foes.
You expend magic power (3 MP) to strengthen your wands.


Message History

The bennu completely misses you. The bennu claws you. The bennu claws you!
* * * LOW HITPOINT WARNING * * *
The bennu barely misses you. You block the bennu's attack. The bennu claws you!
* * * LOW HITPOINT WARNING * * *
Unknown command.
Casting: Iron Shot (safe; 0% risk of failure)
Confirm with . or Enter, or press ? or * to list all spells.
Aiming: Iron Shot (safe; 0% risk of failure)
Press: ? - help, Shift-Dir - straight line, f/p - bennu
Aim: a bennu The iron shot hits the bennu!!!
The bennu is severely wounded.
The bennu's plumage briefly flares with an otherwordly flame.
The bennu misses you. The bennu claws you!
* * * LOW HITPOINT WARNING * * *
The bennu claws you.
* * * LOW HITPOINT WARNING * * *
The bennu barely misses you. The bennu claws you but does no damage.
The bennu claws you!
You die...

...............^.....^###..'..###
.................#...#.#.......##
.......#.........................
......#......###..#....^.........
.......#.........^.#.............
......#.^..........#.............
......#............#^...^........
.......#.....#..^.^#.............
......#.........L.##....#######..
..........#.....#b.#....##./.##..
.................^......#.....#..
......##..#.............#..#..#..
......##..#.............#.^...#..
......##..#..#######....##...##.^
......##..#..##^[.##....###'###..
......##..#..#^....#.............
......#...#...^^#..#.............


You could see a bennu.

Vanquished Creatures
  Antaeus (Coc:7)
  Mara (Vaults:4)
  3 juggernauts
  2 ancient liches (Vaults:5)
  22 greater mummies
  11 shard shrikes
  the Lernaean hydra (Swamp:4)
  Xtahua (Depths:3)
  Saint Roka (Vaults:4)
  A caustic shrike (Depths:4)
  10 golden dragons
  Geryon (Hell)
  Arachne (Spider:3)
  4 bone dragons
  A Brimstone Fiend (Depths:2)
  12 tentacled monstrosities
  Jorgrun (Elf:1)
  15 Ice Fiends
  8 titans
  3 deep elf blademasters
  6 liches
  A quicksilver dragon (Vaults:5)
  Gastronok (Lair:3)
  16 sphinxes
  2 deep elf master archers (Elf:3)
  Agnes (Spider:1)
  An eldritch tentacle (Coc:6)
  An Executioner (Coc:5)
  3 ancient champions
  3 thorn hunters
  Donald (Spider:1)
  A draconian monk (Depths:4)
  Roxanne (Swamp:2)
  8 shadow dragons
  15 tengu reavers
  2 revenants (Crypt:2)
  6 storm dragons
  A draconian knight (Depths:5)
  12 fire giants
  14 frost giants
  An orc warlord (Orc:2)
  A caustic shrike zombie (Depths:3)
  Louise (Swamp:4)
  Aizul (Swamp:4)
  3 curse skulls
  2 ghost moths
  2 balrugs (Depths:2)
  An iron dragon (Depths:5)
  21 vault wardens
  12 deep elf sorcerers
  10 emperor scorpions
  8 deep elf elementalists
  17 reapers
  14 ironheart preservers
  4 war gargoyles
  6 entropy weavers
  14 very ugly things
  15 stone giants
  4 elemental wellsprings
  2 green draconians (Depths:5)
  3 bennus
  13 vampire knights
  9 deep elf annihilators
  5 deep elf demonologists
  2 red draconians (Depths:5)
  A dire elephant (Lair:6)
  The ghost of Fotwecig the Thaumaturge, a journeyman GnWz of Cheibriados (Lair:4)
  7 spark wasps
  2 yellow draconians (Depths:5)
  Snorg (D:11)
  2 minotaurs (Depths:4)
  21 blizzard demons
  An eidolon (Crypt:2)
  5 deep elf death magi
  A crystal guardian (Vaults:3)
  16 ettins
  3 quicksilver dragon zombies
  A merfolk javelineer (Depths:5)
  8 fire dragons
  17 mummy priests
  16 ogre magi
  Harold (D:11)
  2 hell beasts (Hell)
  12 great orbs of eyes
  8 deep elf high priests
  4 jiangshi (Crypt:2)
  Josephine (D:14)
  28 hydras
  6 kraken zombies
  33 ice dragons
  Fannar (Orc:1)
  Erolcha (D:11)
  5 rakshasas
  4 quicksilver dragon skeletons
  A hydra (shapeshifter) (Vaults:5)
  10 yaktaur captains
  3 spriggan air magi
  41 vault guards
  A merfolk avatar (Lair:6)
  A ghost crab (Swamp:2)
  A great orb of eyes (shapeshifter) (Depths:1)
  2 shambling mangroves
  10 centaur warriors
  4 catoblepae
  56 two-headed ogres
  11 alligators
  8 death knights
  25 dancing weapons
  18 death yaks
  A queen ant (Lair:4)
  7 hell hogs (Hell)
  6 deep troll shamans
  4 orc high priests (Orc:2)
  6 death scarabs (Tomb:1)
  3 deep troll earth magi
  9 tengu warriors
  A death yak (shapeshifter) (Depths:3)
  4 titan zombies
  8 vampire magi
  4 spriggan berserkers
  Nergalle (Orc:1)
  Urug (Orc:1)
  4 titan skeletons
  2 iron golems (Hell)
  34 deep elf knights
  2 soul eaters
  3 shadow wraiths
  4 storm dragon zombies
  4 storm dragon skeletons
  8 hell knights
  A fire crab (Lair:6)
  8 sun demons
  3 iron trolls
  A golden dragon zombie (Coc:3)
  2 sea snakes (shapeshifter)
  110 skeletal warriors
  21 deep trolls
  A wizard (Vaults:1)
  A spriggan druid (Swamp:2)
  2 glowing orange brains (Depths:5)
  12 flayed ghosts
  6 anaconda skeletons
  2 unseen horrors (D:15)
  12 anaconda zombies
  12 deep elf archers
  11 necromancers
  2 lindwurms (Lair:6)
  An unseen horror (shapeshifter) (Vaults:5)
  19 ironbrand convokers
  A kraken simulacrum (Hell)
  5 golden dragon skeletons
  2 harpies (shapeshifter)
  14 phantasmal warriors
  4 shadow dragon zombies
  8 swamp dragons
  23 wolf spiders
  4 harpies (Vaults:1)
  8 orc sorcerers
  4 wolf spider zombies
  A sphinx zombie (Vaults:1)
  14 orb spiders
  4 fire giant zombies
  4 oklob plants (Lair:5)
  16 orc knights
  4 shadow dragon skeletons
  6 stone giant zombies
  2 fauns (shapeshifter)
  72 deep elf magi
  5 iron dragon zombies
  5 cyclopes
  3 manticores
  2 sphinx skeletons
  Maurice (D:8)
  3 moths of wrath
  35 ugly things
  5 dire elephant zombies
  A stone giant skeleton (Coc:6)
  2 frost giant zombies
  A moth of wrath (shapeshifter) (D:13)
  3 centaur zombies
  3 ice statues
  A shock serpent zombie (Coc:5)
  17 elephants
  An iron dragon skeleton (Coc:3)
  3 fire giant skeletons
  8 frost giant skeletons
  4 naga magi
  10 rust devils (Hell)
  4 smoke demons (Hell)
  18 vault sentinels
  2 titan simulacra (Coc:7)
  A black mamba (Lair:6)
  3 spiny frogs (shapeshifter) (Vaults:5)
  A torpor snail (Lair:6)
  2 yaktaur zombies
  2 gargoyles
  2 hellions (Hell)
  A yaktaur (shapeshifter) (Depths:3)
  A sea snake zombie (Crypt:2)
  4 storm dragon simulacra (Coc:7)
  7 rime drakes
  5 spectral swamp worms (Depths:1)
  22 spiny frogs
  3 kobold demonologists
  An efreet (D:15)
  A yellow draconian skeleton (Crypt:2)
  A rime drake (shapeshifter) (Elf:2)
  2 golden dragon simulacra (IceCv)
  47 ice devils
  5 komodo dragons
  14 tormentors
  A catoblepas skeleton (Coc:5)
  66 yaktaurs
  2 emperor scorpion zombies
  61 freezing wraiths
  14 demonic crawlers
  5 anaconda simulacra
  A yaktaur skeleton (Vaults:1)
  12 trolls
  9 tengu conjurers
  A queen bee (shapeshifter) (Vaults:1)
  22 hydra zombies
  53 guardian mummies
  A meliai (shapeshifter) (Vaults:5)
  A queen bee (Depths:4)
  4 red devils (Hell)
  2 harpy zombies
  25 jumping spiders
  7 tyrant leeches
  22 hornets
  A merfolk (shapeshifter) (D:13)
  8 hydra skeletons
  4 polar bears
  8 blink frogs
  3 ettin zombies
  14 slime creatures
  A tyrant leech (shapeshifter) (Vaults:5)
  A tarantella zombie (Crypt:1)
  3 fire dragon zombies
  17 hippogriffs
  17 bog bodies
  A snapping turtle (shapeshifter) (D:10)
  16 alligator zombies
  17 shadows
  8 dream sheep
  111 flying skulls
  A fire giant simulacrum (Coc:4)
  4 alligator skeletons
  6 ice dragon skeletons
  7 air elementals
  Sigmund (D:4)
  2 fire dragon skeletons
  53 redbacks
  A spriggan (shapeshifter) (Depths:4)
  8 spriggans
  5 centaur simulacra
  A black mamba zombie (Coc:7)
  24 tarantellas
  4 ettin skeletons
  2 yaks (shapeshifter)
  2 vampires
  17 ushabtiu
  29 yaks
  Eustachio (D:5)
  A basilisk (shapeshifter) (Vaults:3)
  32 water elementals
  20 wraiths
  3 dire elephant simulacra (IceCv)
  10 hungry ghosts
  6 wyverns
  6 humans
  A steam dragon (Lair:3)
  5 basilisks (Lair:4)
  An elf simulacrum (Depths:3)
  14 fire elementals
  28 vampire mosquitoes
  A human simulacrum (Vaults:4)
  Menkaure (D:5)
  A wind drake skeleton (Crypt:3)
  A spatial vortex (Coc:3)
  10 hydra simulacra
  10 swamp worms
  22 wargs
  Edmund (D:3)
  A death yak simulacrum (IceCv)
  6 harpy simulacra
  An iron troll simulacrum (IceCv)
  19 soldier ants
  17 insubstantial wisps
  A two-headed ogre zombie (D:12)
  An acid dragon (D:15)
  Duvessa (D:6)
  6 spiny frog zombies
  A floating eye (Depths:2)
  A porcupine (shapeshifter) (Vaults:5)
  10 hell hounds
  A two-headed ogre skeleton (Crypt:2)
  8 spiny frog skeletons
  2 orb spider zombies
  5 porcupines
  8 water moccasins
  2 ettin simulacra
  3 black bears
  19 swamp drakes
  38 orc warriors
  3 alligator simulacra
  5 sky beasts
  Purgy (Sewer)
  A swamp dragon zombie (Coc:3)
  17 ice beasts
  A necrophage (Coc:1)
  6 snapping turtle zombies
  A fire dragon simulacrum (Coc:4)
  2 eyes of draining (shapeshifter)
  4 phantoms
  An elephant skeleton (Crypt:2)
  A boggart (Lair:4)
  13 wolves
  45 ogres
  A lindwurm skeleton (Crypt:3)
  26 centaurs
  2 snapping turtle skeletons
  3 swamp dragon skeletons
  4 manticore skeletons
  11 crocodiles
  Blork the orc (D:5)
  6 big kobolds
  A draconian zombie (Crypt:3)
  4 elf zombies
  18 bullfrogs
  3 earth elementals
  4 elf skeletons
  A wyvern zombie (D:12)
  A gnoll sergeant (D:12)
  A spiny frog simulacrum (Hell)
  2 wyvern skeletons
  2 water moccasin zombies
  A troll zombie (D:12)
  Dowan (D:6)
  2 scorpions
  23 killer bees
  A manticore simulacrum (Coc:1)
  A swamp dragon simulacrum (IceCv)
  31 wights
  A snapping turtle simulacrum (Coc:1)
  3 howler monkeys
  A polar bear skeleton (Crypt:1)
  4 electric eels
  14 crimson imps
  3 quasits
  4 bullfrog zombies
  5 draconian simulacra (IceCv)
  4 human zombies
  8 jellies
  26 orc priests
  8 hounds
  A bullfrog skeleton (D:9)
  7 centaur skeletons
  27 orc wizards
  Jessica (D:2)
  A black bear skeleton (Crypt:2)
  Ijyb (D:5)
  Terence (D:3)
  6 human skeletons
  11 iguanas
  23 worker ants
  Natasha (twice) (D:1)
  6 hell rats (Hell)
  3 troll simulacra (IceCv)
  A polar bear simulacrum (IceCv)
  A naga zombie (Coc:1)
  A killer bee zombie (Crypt:3)
  6 ogre zombies (D:12)
  2 tengu zombies (Coc:4)
  A naga skeleton (Crypt:1)
  2 tengu skeletons
  3 hound skeletons (D:5)
  38 mummies
  A howler monkey zombie (Crypt:3)
  A worker ant zombie (D:9)
  3 howler monkey skeletons
  6 gnolls
  2 naga simulacra (IceCv)
  An ogre simulacrum (IceCv)
  8 adders
  5 shadow imps
  31 white imps
  4 ufetubi (IceCv)
  An ooze (D:4)
  An adder zombie (D:9)
  A halfling skeleton (Crypt:2)
  5 worms
  A dart slug (D:4)
  3 leopard geckos
  136 orcs
  7 giant cockroaches
  6 hobgoblins
  A jackal (D:1)
  3 quokkas
  A ball python (D:1)
  13 bats
  6 frilled lizards
  8 goblins
  2 goblin skeletons (D:12)
  2 goblin zombies (D:12)
  4 hobgoblin zombies (D:12)
  18 kobolds
  4 orc skeletons
  14 orc zombies (D:12)
  A quokka skeleton (D:4)
  6 rats
  A spectral orc (D:4)
  A fungus (Lair:5)
  5 plants
  3 tentacles
3395 creatures vanquished.

Vanquished Creatures (others)
  A shard shrike (Coc:7)
  A golden dragon (Vaults:5)
  An elemental wellspring (Coc:7)
  A stone giant (Depths:2)
  A yaktaur captain (Vaults:5)
  A centaur warrior (Vaults:3)
  A deep elf archer (Elf:2)
  A freezing wraith (Coc:7)
  6 yaktaurs
  A swamp drake (Swamp:2)
  2 centaurs (D:13)
  A hell rat (Hell)
  A white imp (IceCv)
  An ufetubus (IceCv)
  A bush (Lair:5)
  19 fungi
  29 plants
  9 tentacles
78 creatures vanquished.

Grand Total: 3473 creatures vanquished

Notes
Turn   | Place    | Note
-------+----------+-------------------------------------------
     0 | D:1      | onlineme the Deep Elf Conjurer began the quest for the Orb.
     0 | D:1      | Reached XP level 1. HP: 10/10 MP: 6/6
   282 | D:1      | Reached XP level 2. HP: 15/15 MP: 6/8
   305 | D:1      | Reached skill level 5 in Conjurations
   978 | D:2      | Noticed Natasha
   978 | D:2      | Noticed Jessica
   987 | D:1      | Killed Natasha
   987 | D:1      | Reached XP level 3. HP: 11/19 MP: 2/10
  1133 | D:1      | Noticed Natasha
  1136 | D:1      | Killed Natasha
  1136 | D:1      | Reached XP level 4. HP: 24/24 MP: 7/11
  1216 | D:2      | Killed Jessica
  1416 | D:2      | Found a hide-covered altar of Uskayaw.
  1554 | D:2      | Learned a level 2 spell: Searing Ray
  1648 | D:2      | Reached XP level 5. HP: 28/28 MP: 11/13
  1821 | D:3      | Found Zin's Purification Station.
  1826 | D:3      | Found an ancient bone altar of Kikubaaqudgha.
  1850 | D:3      | Found a glowing silver altar of Zin.
  1862 | D:3      | Bought a potion of curing for 90 gold pieces
  2009 | D:3      | Noticed Terence
  2026 | D:3      | Killed Terence
  2130 | D:3      | Reached skill level 5 in Spellcasting
  2458 | D:3      | Reached XP level 6. HP: 32/32 MP: 9/15
  2701 | D:4      | Noticed Sigmund
  3053 | D:4      | Noticed Edmund
  3124 | D:3      | Killed Edmund
  3124 | D:3      | Reached XP level 7. HP: 35/36 MP: 11/19
  3192 | D:4      | Killed Sigmund
  3648 | D:4      | Found a basalt altar of Yredelemnul.
  3750 | D:4      | Reached XP level 8. HP: 38/41 MP: 13/22
  4304 | D:4      | Reached skill level 1 in Fighting
  4628 | D:5      | Entered Level 5 of the Dungeon
  4733 | D:5      | Noticed Ijyb
  4738 | D:5      | Noticed Eustachio
  4739 | D:5      | Killed Ijyb
  4752 | D:5      | Killed Eustachio
  5158 | D:5      | Found a radiant altar of Vehumet.
  5162 | D:5      | Became a worshipper of Vehumet
  5166 | D:5      | Found a white marble altar of Elyvilon.
  5169 | D:5      | Found an opulent altar of Gozag.
  5210 | D:5      | Found a staircase to the Ecumenical Temple.
  5214 | D:5      | Noticed Blork the orc
  5222 | D:5      | Killed Blork the orc
  5472 | D:5      | Noticed Menkaure
  5478 | D:5      | Killed Menkaure
  5478 | D:5      | Reached skill level 5 in Fighting
  5478 | D:5      | Reached XP level 9. HP: 27/54 MP: 19/24
  5928 | D:6      | Found a glowing drain.
  5946 | Sewer    | Entered a sewer
  6028 | Sewer    | Noticed Purgy
  6034 | Sewer    | Killed Purgy
  6151 | D:6      | Noticed Dowan
  6152 | D:6      | Noticed Duvessa
  6162 | D:6      | Killed Dowan
  6164 | D:6      | Killed Duvessa
  6415 | D:6      | Noticed a purple ugly thing
  6628 | D:6      | Killed a purple ugly thing
  6758 | D:6      | Found a burning altar of Makhleb.
  6759 | D:6      | Found an ornate altar of the Wu Jian Council.
  7138 | D:7      | Reached skill level 5 in Dodging
  7191 | D:7      | Reached * piety under Vehumet
  7191 | D:7      | Offered knowledge of Shock by Vehumet.
  7298 | D:7      | Found a transporter.
  7305 | D:7      | Found a transporter.
  7306 | D:7      | Noticed ch1llma's ghost (novice GnWn)
  7614 | D:7      | Found a shimmering blue altar of Sif Muna.
  7660 | D:7      | Reached XP level 10. HP: 63/63 MP: 19/25
  8252 | D:8      | Noticed a three-headed hydra
  8424 | D:8      | Found Alap's Antique Armour Shoppe.
  8430 | D:8      | Bought a shiny helmet for 180 gold pieces
  8445 | D:8      | Learned a level 3 spell: Conjure Flame
  8452 | D:8      | Learned a level 6 spell: Iron Shot
  8493 | D:8      | Reached skill level 1 in Fire Magic
  8583 | D:8      | Noticed Maurice
  8591 | D:8      | Killed Maurice
  8591 | D:8      | Reached skill level 10 in Spellcasting
  8814 | D:8      | Killed a three-headed hydra
  8880 | D:8      | Reached skill level 10 in Conjurations
  9095 | D:9      | Reached skill level 1 in Earth Magic
  9117 | D:8      | Reached ** piety under Vehumet
  9211 | D:9      | Offered knowledge of Sandblast by Vehumet.
  9274 | D:9      | Found a blossoming altar of Fedhas.
  9747 | D:9      | Reached XP level 11. HP: 67/67 MP: 22/28
  9862 | D:9      | Identified the +3 mace "Byhum" {crush, rN+ Int+9}
  9865 | D:9      | Noticed a two-headed ogre
  9873 | D:9      | Offered knowledge of Static Discharge by Vehumet.
  9877 | D:9      | Killed a two-headed ogre
 10091 | D:8      | Reached *** piety under Vehumet
 10610 | D:10     | Entered Level 10 of the Dungeon
 10610 | D:10     | Found Zada's General Store.
 10623 | D:10     | Bought a +0 pair of boots for 49 gold pieces
 10632 | D:10     | Found a runed translucent door.
 10634 | D:10     | Noticed a fire crab
 10655 | D:10     | Noticed a two-headed ogre
 10661 | D:10     | Killed a two-headed ogre
 10701 | D:10     | a fire crab changed into a hippogriff
 11118 | D:10     | Offered knowledge of Ignite Poison by Vehumet.
 11498 | D:10     | Reached skill level 1 in Shields
 11821 | D:11     | Got a transparent helmet
 11929 | D:10     | Identified the +1 helmet "Afagauk" {Int+2} (You found it on
                  | level 11 of the Dungeon)
 12029 | D:11     | Noticed a two-headed ogre
 12034 | D:11     | Killed a two-headed ogre
 12127 | D:11     | Reached **** piety under Vehumet
 12133 | D:11     | Reached skill level 5 in Earth Magic
 12163 | D:11     | Offered knowledge of Hailstorm by Vehumet.
 12176 | D:10     | Learned a level 4 spell: Hailstorm
 13062 | D:11     | Noticed Snorg
 13070 | D:11     | Killed Snorg
 13070 | D:11     | Reached XP level 12. HP: 65/72 MP: 16/31
 13186 | D:11     | Noticed Harold
 13194 | D:11     | Killed Harold
 13500 | D:11     | Found a staircase to the Lair.
 13573 | D:11     | Got a pitted quarterstaff
 13574 | D:11     | Identified the +8 quarterstaff of Zotualen {drain, +Rage
                  | rF++ Int+3} (You found it on level 11 of the Dungeon)
 13900 | D:11     | Reached ***** piety under Vehumet
 13903 | D:11     | Noticed Erolcha
 13907 | D:11     | Killed Erolcha
 13913 | D:11     | Offered knowledge of Yara's Violent Unravelling by Vehumet.
 14185 | D:11     | Identified the +1 battleaxe "Moguurch" {freeze, rC+}
 14538 | D:11     | Noticed a fire giant
 14569 | Lair:1   | Entered Level 1 of the Lair of Beasts
 14574 | Lair:1   | Noticed a five-headed hydra
 14578 | Lair:1   | Killed a five-headed hydra
 15526 | Lair:2   | Reached skill level 15 in Spellcasting
 15657 | Lair:2   | Noticed a four-headed hydra
 15661 | Lair:2   | Killed a four-headed hydra
 16535 | Lair:3   | Found a staircase to the Swamp.
 16540 | Lair:3   | Noticed Gastronok
 16591 | Lair:3   | Killed Gastronok
 16781 | Lair:3   | Reached XP level 13. HP: 42/76 MP: 23/34
 17969 | Lair:4   | Found a runed translucent door.
 18611 | Lair:4   | Found a hole to the Spider Nest.
 18669 | Lair:4   | Identified the cursed +0 trident of the Spectre {drain, rN+
                  | Dex+5}
 18670 | Lair:4   | Noticed Fotwecig's ghost (journeyman GnWz)
 18828 | Lair:4   | Got a smoking rapier
 19197 | Lair:4   | Noticed an entropy weaver
 19209 | Lair:4   | Killed an entropy weaver
 19213 | Lair:4   | Noticed an entropy weaver
 19307 | Lair:4   | Killed an entropy weaver
 20026 | Lair:4   | Offered knowledge of Spellforged Servitor by Vehumet.
 20037 | Lair:4   | Identified the +1 rapier "Onawiz" {pierce, rPois rF++
                  | Stlth-} (You found it on level 4 of the Lair of Beasts)
 20388 | Lair:5   | Found a staircase to the Slime Pits.
 20927 | Lair:5   | Reached skill level 15 in Conjurations
 21055 | Lair:5   | Reached XP level 14. HP: 82/82 MP: 19/38
 22154 | Lair:6   | Entered Level 6 of the Lair of Beasts
 23041 | Lair:5   | Offered knowledge of Lightning Bolt by Vehumet.
 25091 | Lair:5   | Reached XP level 15. HP: 50/88 MP: 33/41
 26553 | D:12     | Offered knowledge of Iskenderun's Battlesphere by Vehumet.
 26798 | D:11     | Learned a level 5 spell: Iskenderun's Battlesphere
 27990 | D:12     | Found a staircase to the Orcish Mines.
 28019 | D:12     | Upgraded the game from 0.25-a0-365-g7600c65aa0 to
                  | 0.25-a0-366-g516bc45ae0
 28364 | Orc:1    | Entered Level 1 of the Orcish Mines
 28364 | Orc:1    | Noticed Fannar
 28365 | Orc:1    | Noticed Urug
 28633 | D:13     | Found a gate to the Vaults.
 29141 | D:14     | Noticed Josephine
 29144 | D:14     | Killed Josephine
 29144 | D:14     | Reached skill level 1 in Charms
 29149 | D:14     | Offered knowledge of Conjure Ball Lightning by Vehumet.
 29495 | D:14     | Found a white marble altar of Elyvilon.
 29730 | D:14     | Found a portal to a secret trove of treasure.
 29830 | D:15     | Entered Level 15 of the Dungeon
 31117 | D:15     | Found a staircase to the Depths.
 31926 | Orc:1    | Killed Fannar
 31927 | Orc:1    | Killed Urug
 32106 | Orc:1    | Found Gixanust's Antique Armour Shop.
 32170 | Orc:1    | Noticed Nergalle
 32173 | Orc:1    | Offered knowledge of Orb of Destruction by Vehumet.
 32177 | Orc:1    | Killed Nergalle
 32177 | Orc:1    | Reached XP level 16. HP: 92/92 MP: 2/43
 32482 | Orc:2    | Entered Level 2 of the Orcish Mines
 32708 | Orc:2    | Found Kidaur's Antique Weapon Emporium.
 32955 | Orc:2    | Found Copuukill's Food Shoppe.
 32957 | Orc:2    | Found Sikuaz's Book Boutique.
 33098 | Orc:2    | Found a staircase to the Elven Halls.
 33274 | Orc:2    | Found Kuduxkuv's Weapon Boutique.
 33863 | Orc:2    | Found Ekimn's Armour Emporium.
 34698 | Orc:2    | Found Xatu's Assorted Antiques.
 34698 | Orc:2    | Found Ylait's Antique Weapon Emporium.
 34699 | Orc:2    | Found Qihitite's General Store.
 34699 | Orc:2    | Found Beoqir's Antique Armour Boutique.
 34731 | Orc:2    | Bought a glowing buckler for 202 gold pieces
 34752 | Orc:2    | Bought amber-encrusted steam dragon scales for 1035 gold
                  | pieces
 34762 | Orc:2    | Identified the +1 steam dragon scales "Ihur" {rPois MR++
                  | Str-5 SInv} (You bought it in a shop on level 2 of the
                  | Orcish Mines)
 34762 | Orc:2    | Lost strength.
 34853 | Elf:1    | Entered Level 1 of the Elven Halls
 34879 | Orc:2    | Learned a level 7 spell: Orb of Destruction
 35714 | Elf:1    | Noticed Jorgrun
 35717 | Elf:1    | Killed Jorgrun
 36572 | Elf:1    | Got an ichor-stained war axe
 36573 | Elf:1    | Identified the cursed +1 war axe "Ediohong" {speed, rElec}
                  | (You found it on level 1 of the Elven Halls)
 37626 | Elf:2    | Reached XP level 17. HP: 97/97 MP: 39/47
 37936 | Elf:2    | Reached ****** piety under Vehumet
 38171 | Elf:2    | Offered knowledge of Ozocubu's Refrigeration by Vehumet.
 38533 | Elf:2    | Reached skill level 10 in Dodging
 38651 | Elf:2    | Found a runed translucent gate.
 38651 | Elf:2    | Found a runed translucent gate.
 38651 | Elf:2    | Found a runed translucent gate.
 39543 | Elf:2    | Noticed a deep elf blademaster
 39547 | Elf:2    | Killed a deep elf blademaster
 40028 | Elf:3    | Entered Level 3 of the Elven Halls
 41570 | Elf:3    | Offered knowledge of Chain Lightning by Vehumet.
 41570 | Elf:3    | Offered knowledge of Tornado by Vehumet.
 41570 | Elf:3    | Offered knowledge of Ignition by Vehumet.
 41583 | Elf:3    | Learned a level 5 spell: Borgnjor's Vile Clutch
 41651 | Elf:3    | Noticed a deep elf blademaster
 41655 | Elf:3    | Reached skill level 1 in Necromancy
 41832 | Elf:3    | Reached XP level 18. HP: 68/104 MP: 8/48
 42338 | Elf:3    | Identified the +8 spear of Ucisouj {venom, rElec rPois
                  | Int+2}
 42548 | Elf:3    | Identified the +9 rapier of the Pharaoh's Fist {pierce,
                  | rPois rF+++ MR++ Dex-5}
 42548 | Elf:3    | Identified the ring of the Louse {+Fly rElec rPois Int+5}
 42551 | Elf:3    | Reached skill level 10 in Earth Magic
 42887 | Elf:3    | Identified the Collected Works on Damaging Displacement
 42959 | Elf:3    | Identified the Guide on Attacks
 42961 | Elf:3    | Identified the Handbook of Harmful Lightness
 42964 | Elf:3    | Identified the Volume of Creative Air
 43011 | Elf:3    | Learned a level 6 spell: Starburst
 43281 | Swamp:1  | Entered Level 1 of the Swamp
 43849 | Spider:1 | Entered Level 1 of the Spider Nest
 43855 | Spider:1 | Found a frozen archway.
 43863 | IceCv    | Entered an ice cave
 43950 | IceCv    | Upgraded the game from 0.25-a0-366-g516bc45ae0 to
                  | 0.25-a0-403-g49d089a364
 45276 | IceCv    | Got a pair of scorched gloves
 45292 | IceCv    | Identified a +1 pair of boots of running (You found it in
                  | an ice cave)
 45756 | Lair:4   | Killed Fotwecig's ghost
 45891 | Lair:4   | Identified the +0 pair of gloves of Analysis {rPois} (You
                  | found it in an ice cave)
 47062 | Spider:1 | Noticed Donald
 47075 | Spider:1 | Killed Donald
 47095 | Spider:1 | Noticed Agnes
 47192 | Spider:1 | Killed Agnes
 48452 | Spider:2 | Found a roughly hewn altar of Beogh.
 49480 | Spider:3 | Noticed Arachne
 49486 | Spider:3 | Killed Arachne
 49486 | Spider:3 | Reached XP level 19. HP: 108/108 MP: 26/49
 49956 | Spider:4 | Entered Level 4 of the Spider Nest
 52924 | Spider:4 | Got a gossamer rune of Zot
 53498 | Swamp:1  | Reached skill level 1 in Ice Magic
 54605 | Swamp:2  | Noticed Roxanne
 55852 | Swamp:2  | Killed Roxanne
 57068 | Swamp:4  | Entered Level 4 of the Swamp
 57488 | Swamp:4  | Noticed Louise
 57488 | Swamp:4  | Noticed Aizul
 57506 | Swamp:4  | Killed Aizul
 58026 | Swamp:4  | Reached XP level 20. HP: 98/114 MP: 23/50
 58206 | Swamp:4  | Noticed the 27-headed Lernaean hydra
 58302 | Swamp:4  | Killed the 27-headed Lernaean hydra
 58593 | Swamp:4  | Got a decaying rune of Zot
 58809 | Swamp:4  | Killed Louise
 59231 | Depths:1 | Entered Level 1 of the Depths
 59231 | Depths:1 | Found a one-way gate leading to the halls of Pandemonium.
 59595 | Depths:1 | Found a gateway to Hell.
 60777 | Depths:2 | Found a snail-covered altar of Cheibriados.
 60793 | Depths:2 | Found Orap Murgh's Weapon Shop.
 60887 | Depths:2 | Found a runed translucent gate.
 60887 | Depths:2 | Found a runed translucent gate.
 60887 | Depths:2 | Found a runed translucent gate.
 60887 | Depths:2 | Found a runed translucent gate.
 60887 | Depths:2 | Found a runed translucent gate.
 60887 | Depths:2 | Found a runed translucent gate.
 60888 | Depths:2 | Found the +2 Maxwell's thermic engine {flame, freeze}
 61118 | Depths:2 | Reached skill level 10 in Fighting
 61790 | Depths:2 | Found a one-way gate to the infinite horrors of the Abyss.
 62160 | Depths:2 | Noticed a golden dragon
 62168 | Depths:2 | Killed a golden dragon
 62338 | Depths:2 | Noticed a golden dragon
 62353 | Depths:2 | Killed a golden dragon
 63318 | Depths:2 | Identified the Collected Works on Ghastly Venom
 63480 | Depths:3 | Reached XP level 21. HP: 127/127 MP: 12/51
 63740 | Depths:3 | Identified 2 scrolls of acquirement
 63743 | Depths:3 | Identified the ring of Perir {rF+ Stlth+} (You acquired it
                  | on level 3 of the Depths)
 64505 | Depths:3 | Found a shattered altar of Ashenzari.
 64533 | Depths:3 | Noticed Xtahua
 64591 | Depths:3 | Killed Xtahua
 65037 | Depths:3 | Found the +5 scythe "Finisher" {speed, eviscerate}
 65037 | Depths:3 | Noticed a juggernaut
 65048 | Depths:3 | Killed a juggernaut
 65247 | Depths:3 | Noticed a golden dragon
 65251 | Depths:3 | Killed a golden dragon
 65364 | Depths:3 | Identified the Guide on the Bewitching Birds
 66768 | Depths:4 | Found the +7 mace of Variability {chain chaos}
 66769 | Depths:4 | Noticed a juggernaut
 67245 | Depths:4 | Reached skill level 15 in Fighting
 67424 | Depths:4 | Found a runed translucent door.
 68266 | Depths:4 | Identified the ring "Hughar" {+Fly rC+ AC+4 Stlth+}
 68918 | Depths:5 | Entered Level 5 of the Depths
 68959 | Depths:5 | Noticed a juggernaut
 68963 | Depths:5 | Killed a juggernaut
 68977 | Depths:5 | Noticed a golden dragon
 69173 | Depths:5 | Reached XP level 22. HP: 126/141 MP: 24/52
 69177 | Depths:5 | Killed a golden dragon
 69853 | Depths:5 | Identified the cursed +1 hand axe of Xebbomas {chop,
                  | *Corrode rN+ Dex+2} (You found it on level 5 of the Depths)
 69859 | Depths:5 | Identified the +3 trident of Vydem {pierce, Str+2 Dex+4}
                  | (You found it on level 5 of the Depths)
 71439 | Depths:5 | Noticed a golden dragon
 71445 | Depths:5 | Killed a golden dragon
 71456 | Depths:5 | Noticed a golden dragon
 71614 | Depths:5 | Killed a golden dragon
 71649 | Depths:5 | Found a gate to the Realm of Zot.
 72741 | Depths:4 | Identified the ring of the Barnacle {rElec rC+ Dex+4
                  | Stlth-}
 72743 | Depths:4 | Identified the +8 plate armour of Ytraoqog {rElec rF- rCorr
                  | Int+3}
 72748 | Depths:4 | Identified the +1 robe of Fedhas's Displeasure {+Fly Dex+3}
 73131 | Vaults:1 | Entered Level 1 of the Vaults
 75683 | Vaults:1 | Identified Sif Muna's Grimoire of the Flamy Snowflakes
 76267 | Vaults:2 | Reached XP level 23. HP: 150/150 MP: 44/53
 76699 | Vaults:2 | Reached skill level 15 in Earth Magic
 77335 | Vaults:2 | Found Ydghawey's Antique Weapon Shoppe.
 77343 | Vaults:2 | Bought a crystal mace for 360 gold pieces
 77343 | Vaults:2 | Identified the cursed +0 mace of Blood-Lust {drain, Dex+4}
                  | (You bought it in a shop on level 2 of the Vaults)
 77346 | Vaults:2 | Found Vaghiklu's Antique Armour Shop.
 77370 | Vaults:2 | Bought a slimy shield for 370 gold pieces
 77370 | Vaults:2 | Bought a runed scale mail for 273 gold pieces
 77389 | Vaults:2 | Identified the +5 shield "Qomeqixt" {rElec rF+} (You bought
                  | it in a shop on level 2 of the Vaults)
 77401 | Vaults:2 | Bought a distressingly furry robe for 222 gold pieces
 77413 | Vaults:2 | Identified the cursed +1 robe of the Valley of Death
                  | {*Drain Regen+ Str-5 Dex+4} (You bought it in a shop on
                  | level 2 of the Vaults)
 78284 | Vaults:2 | Found Paworuj's Food Emporium.
 78297 | Vaults:2 | Found Maik's Antique Weapon Emporium.
 78306 | Vaults:2 | Bought an ichor-stained short sword for 216 gold pieces
 78306 | Vaults:2 | Bought a faintly glowing dagger for 189 gold pieces
 78306 | Vaults:2 | Identified the +10 dagger of Tamofad {vamp, rC+ Int+4} (You
                  | bought it in a shop on level 2 of the Vaults)
 78308 | Vaults:2 | Identified the +9 short sword "Ympuc" {elec, +Inv rF- rN+}
                  | (You bought it in a shop on level 2 of the Vaults)
 79516 | Vaults:2 | Identified the +4 longbow of Starshine {venom, rPois Str+3}
 79521 | Vaults:2 | Identified the +8 long sword of Optimality {slice, Int+4}
 79600 | Vaults:2 | Found Liwkukuo's Distillery.
 80105 | Vaults:3 | Identified the Volume of Icy Creation (You acquired it on
                  | level 3 of the Vaults)
 80105 | Vaults:3 | Identified the +2 cloak "Limag" {Str+4 Int-4} (You acquired
                  | it on level 3 of the Vaults)
 80951 | Vaults:3 | Found a staircase to the Crypt.
 81065 | Vaults:3 | Got an ancient hunting sling
 81196 | Vaults:3 | Found a radiant altar of Vehumet.
 81205 | Vaults:3 | Got an ominously black robe
 81216 | Vaults:3 | Identified the cursed +0 robe "Araneus" {Int+4} (You found
                  | it on level 3 of the Vaults)
 81226 | Vaults:3 | Got a steaming hat
 81232 | Vaults:3 | Identified the +1 hat "Yrghiwku" {+Inv rN+++ Int-3 Dex+4}
                  | (You found it on level 3 of the Vaults)
 81240 | Vaults:3 | Got an ancient hat
 81246 | Vaults:3 | Identified the cursed -7 hat of the Bagpipe {*Contam +Fly
                  | Str+6} (You found it on level 3 of the Vaults)
 81888 | Vaults:2 | Identified the +0 pair of boots of Immorality {rC+ rCorr
                  | Int-3 Dex+5} (You acquired it on level 2 of the Vaults)
 82377 | Orc:1    | Bought a steaming crystal plate armour for 2720 gold pieces
 82388 | Orc:1    | Identified the +13 crystal plate armour "Jiusim Nigy"
                  | {Dex+3} (You bought it in a shop on level 1 of the Orcish
                  | Mines)
 84100 | Vaults:4 | Noticed Mara
 84127 | Vaults:4 | Reached XP level 24. HP: 156/156 MP: 44/53
 84151 | Vaults:4 | Learned a level 9 spell: Shatter
 84309 | Vaults:4 | Killed Mara
 84312 | Vaults:4 | Paralysed by a sphinx for 7 turns
 84529 | Vaults:4 | Noticed Saint Roka
 84533 | Vaults:4 | Killed Saint Roka
 84922 | Vaults:4 | Learned a level 6 spell: Deflect Missiles
 84977 | Vaults:4 | Reached skill level 1 in Air Magic
 85541 | Vaults:5 | Entered Level 5 of the Vaults
 85543 | Vaults:5 | Reached skill level 5 in Air Magic
 85552 | Vaults:5 | Noticed an ancient lich
 85557 | Vaults:5 | Killed an ancient lich
 86076 | Vaults:5 | Reached skill level 5 in Charms
 86081 | Vaults:5 | Noticed an ancient lich
 86515 | Vaults:5 | Identified the +1 robe of Kazig {Regen+ Str+4 Int-2}
 86658 | Vaults:5 | Reached XP level 25. HP: 155/161 MP: 44/53
 86693 | Vaults:5 | Identified the +7 hunting sling of the Empty Page
                  | {velocity, MP+9 Dex+2} (You found it on level 3 of the
                  | Vaults)
 87356 | Vaults:5 | Killed an ancient lich
 87652 | Vaults:5 | Identified the +11 scythe of Disembowelment {slice, Stlth+}
 87754 | Vaults:5 | Identified the Papyrus of Sinister Arts and the Compass
 88547 | Vaults:5 | Identified the cursed +0 great mace "Meerr" {protect,
                  | +Rage} (You found it on level 5 of the Vaults)
 88820 | D:14     | You paid a toll of +3 shadow dragon scales to enter a
                  | treasure trove
 88821 | Trove    | Entered a treasure trove
 89121 | Vaults:5 | Reached skill level 1 in Evocations
 89388 | Vaults:5 | Got a silver rune of Zot
 89430 | Vaults:5 | Reached skill level 5 in Evocations
 90182 | Vaults:5 | Got a pitted chain mail
 90193 | Vaults:5 | Identified the +4 chain mail of Pusmunk {rCorr} (You found
                  | it on level 5 of the Vaults)
 90273 | Crypt:1  | Entered Level 1 of the Crypt
 90582 | Crypt:1  | Found the +3 giant club "Skullcrusher" {speed, Str+7}
 90582 | Crypt:1  | Reached skill level 10 in Evocations
 91433 | Crypt:1  | Got a slimy robe
 91444 | Crypt:1  | Identified the cursed +1 robe of Wu Jian's Approval {rElec
                  | MR+ Dex+4} (You found it on level 1 of the Crypt)
 92860 | Depths:4 | Reached skill level 15 in Evocations
 93016 | Depths:4 | Reached XP level 26. HP: 134/170 MP: 41/53
 93180 | Depths:4 | Reached skill level 5 in Stealth
 93277 | Depths:4 | Identified the +8 lajatang of Extremism {slice, rF+ MR+}
 93845 | Depths:4 | Killed a juggernaut
 94245 | Depths:4 | Reached skill level 10 in Stealth
 94245 | Depths:4 | Found a gateway to a ziggurat.
 94345 | Depths:4 | Identified the Disquisition on Cold and Translocation
 94442 | Depths:4 | Upgraded the game from 0.25-a0-403-g49d089a364 to
                  | 0.25-a0-404-gc1b5a34292
 95191 | Crypt:2  | Identified the cursed +3 glaive of Deotuk {chop, +Fly rF++
                  | Dex+2} (You found it on level 2 of the Crypt)
 95700 | Crypt:3  | Entered Level 3 of the Crypt
 95749 | Crypt:3  | Found a staircase to the Tomb.
 96540 | Crypt:3  | Found the +12 Vampire's Tooth {vamp}
 96828 | Crypt:3  | Reached skill level 15 in Dodging
 96842 | Crypt:3  | Noticed a greater mummy
 97157 | Crypt:3  | Identified the +1 robe of the Turtle {-Tele rF+ Str+4}
 97425 | Crypt:3  | Killed a greater mummy
 97954 | Tomb:1   | Entered Level 1 of the Tomb of the Ancients
 97969 | Tomb:1   | Noticed a greater mummy
 97972 | Tomb:1   | Killed a greater mummy
 98153 | Tomb:1   | Noticed a greater mummy
 98158 | Tomb:1   | Noticed a greater mummy
 98161 | Tomb:1   | Killed a greater mummy
 98301 | Tomb:1   | Noticed a greater mummy
 98303 | Tomb:1   | Killed a greater mummy
 98308 | Tomb:1   | Killed a greater mummy
 98309 | Tomb:1   | Noticed a greater mummy
 98461 | Tomb:1   | Killed a greater mummy
 98607 | Tomb:1   | Noticed a greater mummy
 98612 | Tomb:1   | Killed a greater mummy
 98627 | Tomb:1   | Noticed a greater mummy
 98630 | Tomb:1   | Killed a greater mummy
 98739 | Tomb:1   | Noticed a greater mummy
 98751 | Tomb:1   | Killed a greater mummy
 98751 | Tomb:1   | Noticed a greater mummy
 98756 | Tomb:1   | Noticed a greater mummy
 98906 | Tomb:1   | Killed a greater mummy
 98907 | Tomb:1   | Killed a greater mummy
 98907 | Tomb:1   | Reached XP level 27. HP: 159/173 MP: 27/53
 99061 | Tomb:1   | Noticed a greater mummy
 99067 | Tomb:1   | Killed a greater mummy
 99191 | Tomb:1   | Noticed a greater mummy
 99202 | Tomb:1   | Killed a greater mummy
 99430 | Tomb:1   | Noticed a greater mummy
 99434 | Tomb:1   | Killed a greater mummy
 99774 | Tomb:1   | Identified the +0 hand axe "Ukax" {pain, Dex+3}
100598 | Tomb:1   | Noticed a greater mummy
100600 | Tomb:1   | Noticed a greater mummy
100836 | Tomb:1   | Noticed a greater mummy
100847 | Tomb:1   | Killed a greater mummy
101098 | Tomb:1   | Noticed a greater mummy
101100 | Tomb:1   | Killed a greater mummy
101101 | Tomb:1   | Killed a greater mummy
101597 | Hell     | Entered the Vestibule of Hell
101597 | Hell     | Noticed Geryon
101764 | Hell     | Killed Geryon
102245 | Hell     | Found a gateway to the Iron City of Dis.
102291 | Hell     | Found a gateway to the ashen valley of Gehenna.
102415 | Hell     | Found a gateway to the decaying netherworld of Tartarus.
102476 | Hell     | Found a gateway to the freezing wastes of Cocytus.
102739 | Coc:1    | Entered Level 1 of Cocytus
103369 | Coc:1    | Gained mutation: You occasionally shout uncontrollably at
                  | your foes. [a neqoxec]
103750 | Coc:1    | Learned a level 8 spell: Necromutation
103831 | Coc:1    | Reached skill level 1 in Transmutations
104456 | Coc:1    | Reached skill level 5 in Necromancy
104756 | Coc:2    | Reached skill level 5 in Transmutations
106076 | Coc:4    | Reached skill level 10 in Necromancy
106552 | Coc:3    | Reached skill level 10 in Transmutations
106672 | Coc:7    | Entered Level 7 of Cocytus
108155 | Coc:7    | Reached skill level 15 in Necromancy
109453 | Coc:7    | Noticed Antaeus
110168 | Coc:7    | Killed Antaeus
110168 | Coc:7    | Reached skill level 10 in Air Magic
110221 | Hell     | Gained mutation: You expend magic power (3 MP) to
                  | strengthen your wands. [mutagenic glow]
110625 | Coc:7    | Identified the +5 mace of Coidodo {holy, *Contam rPois
                  | Int+6} (You found it on level 7 of Cocytus)
110635 | Coc:7    | Got an icy rune of Zot
111055 | Geh:1    | Entered Level 1 of Gehenna
111326 | Tomb:2   | Noticed a greater mummy
111328 | Tomb:2   | Noticed a greater mummy
111339 | Tomb:2   | Noticed a greater mummy
111369 | Tomb:1   | Killed a greater mummy
111543 | Tomb:2   | Noticed a greater mummy
111547 | Tomb:2   | Killed a greater mummy
111548 | Tomb:2   | Killed a greater mummy
111548 | Tomb:2   | Killed a greater mummy
111549 | Tomb:2   | Killed a greater mummy
111564 | Tomb:1   | Slain by a bennu

Levels and vault maps discovered:
D:1:      moated_graveyard_arrival, layout_basic
D:2:      cheibrodos_greedy_goblins, layout_rooms,
          eat_drink_and_be_merry_uskayaw, first_ration, uniq_natasha,
          uniq_jessica
D:3:      layout_rooms, zin_purify, kiku_gazebo_garden_becter, uniq_terence
D:4:      layout_loops_ring, yredelemnul_forgotten_temple_becter,
          nicolae_ossuary_entry_catacombs, minmay_bisected, uniq_sigmund,
          uniq_edmund
D:5:      layout_loops_ring, grunt_temple_overflow_diamond,
          minmay_temple_entry_large_hall, uniq_ijyb, uniq_eustachio,
          uniq_menkaure, uniq_blork_the_orc
D:6:      layout_loops_ring, gammafunk_temple_overflow_statue,
          portal_sewer_entry_f, minmay_manual_mail, uniq_duvessa
D:7:      layout_rooms, lemuel_coloured_pillars_altar, gammafunk_ghost_hive
D:8:      layout_loops_cross, serial_shops, shop, hangedman_ranch
          [blue_anna_fruit_fields], uniq_maurice
D:9:      minmay_chambers_of_sevens, layout_loops_ring, fedhas_ov_isle_minmay,
          minmay_ruffians
D:10:     layout_roguey, serial_shops, shop, minmay_st_funbox
D:11:     lemuel_castle_with_subvaults [lemuel_castle_interior_original],
          layout_irregular_city, erik_lair_island, uniq_erolcha, uniq_snorg,
          uniq_harold
D:12:     layout_rooms, zombieorc2_lemuel
D:13:     layout_rooms, david_vaults_4
D:14:     layout_cave_pools, enter_trove_5, elyvilon_altar_5, uniq_josephine
D:15:     grunt_enter_depths_magical_seal, layout_basic,
          minmay_misc_feat_ornament
Lair:1:   layout_cave_pods
Lair:2:   layout_big_grid
Lair:3:   layout_misc_corridors, swamp_mist, grunt_megastairs_1, uniq_gastronok
Lair:4:   layout_hall_layers, dummy_spider_entry, ebering_ghost_funeral_grove,
          special_room [special_room_mythical_zoo], zaba_antful_of_joy
Lair:5:   layout_long_grid, minmay_slime_entry_pillars, gauntlet_entry_generic,
          minmay_lair_oklob_chamber, serial_bayou_shore_b, grunt_megastairs_3,
          lemuel_fruit_tree
Lair:6:   gammafunk_lair_ancient_temple, layout_gridlike,
          infiniplex_staircase_pool_2
Swamp:1:  layout_basic_swamp, evilmike_swamp_ruin_house_2
Swamp:2:  layout_basic_swamp, hangedman_swamp_diagram, uniq_roxanne
Swamp:3:  layout_falls_marsh, infiniplex_staircase_pool
Swamp:4:  swamp_old_school, layout_basic_swamp, swamp_pool4, uniq_aizul,
          uniq_louise
Spider:1: layout_spider_delve, portal_ice_cave_entry_pillars_four, uniq_donald,
          uniq_agnes
Spider:2: nicolae_spider_mines_2
Spider:3: layout_spider_delve, uniq_arachne
Spider:4: spider_rune_water, nicolae_orb_island
Orc:1:    layout_caves, serial_shops, shop, uniq_fannar, uniq_nergalle,
          uniq_urug
Orc:2:    st_orc_elflike, layout_diamond_mine, serial_shops,
          nicolae_shop_waterfront, shop_coins, nicolae_shop_crystal, shop, shop
Elf:1:    layout_gridlike, kennysheep_underground_church, uniq_jorgrun
Elf:2:    layout_geoelf_diagonals
Elf:3:    minmay_elf_hall_dome, layout_onion_city
Vaults:1: v_misc_5, vaults_room_hangedman_quadrants, v_misc_27, v_alt_pattern_2,
          v_misc_26, vaults_room_door_hall, nicolae_vaults_yaktaur_gun_rack,
          nicolae_vaults_little_squares_3, vaults_room_semicircle,
          ontoclasm_vaults_decontamination, vaults_dpeg_ring,
          layout_vaults_chaotic_city
Vaults:2: nicolae_vaults_inception_scallops, vaults_room_door_ring,
          st_greater_box_4, v_alt_pattern_4, vaults_mumra_chevron,
          vaults_mumra_lcd, ontoclasm_vaults_misaligned, v_misc_15,
          nicolae_vaults_asterisk, vaults_room_door_hall,
          hangedman_vaults_impose, vaults_mumra_hexcomb,
          layout_vaults_big_cross, serial_shops, nicolae_shop_crystal, shop,
          shop, shop, shop_coins
Vaults:3: v_misc_10, minmay_crypt_entry_simple_sparse, v_misc_8,
          ontoclasm_vaults_misaligned, v_pattern_2,
          nicolae_vaults_network_barrier, v_misc_3, dpeg_vaults_monster_row,
          nicolae_vaults_ninety_degrees, grunt_tower_of_power,
          ontoclasm_vaults_fault, layout_vaults_omnibox
Vaults:4: ontoclasm_vaults_claustrophobia, v_alt_pattern_6,
          hangedman_vaults_stretched_pinwheel, v_misc_17, serial_ice_b,
          nicolae_vaults_border_crossing, vaults_dpeg_hooks,
          layout_vaults_quadrants, uniq_saint_roka, uniq_mara
Vaults:5
Crypt:1:  layout_gridlike, fountainhead, minmay_guarded_unrand_skullcrusher
Crypt:2:  layout_catacombs, st_stairs_12, corexii_hall_statues_t,
          nicolae_crypt_statuary_hall, grunt_megastairs_2, lemuel_elevator
Crypt:3:  due_elkab, layout_chaotic_city, tomb_entry_shell_bobbens, st_stairs_8,
          minmay_guarded_unrand_vampires_tooth
Tomb:1
Tomb:2
Depths:1: layout_big_octagon, pf_hell_entry_tar_river, pan_entry,
          chequers_serial_rivers_large_b, kilobyte_mutagenic_chamber
Depths:2: minmay_swirls_squares, layout_basic, abyss_entry, hell_entry,
          serial_shops, shop, serial_sigils, serial_sigils_hangedman_shear,
          serial_sigils_hangedman_stare, serial_sigils_hangedman_snap,
          cheibriados_altar_1, brannock_guarded_unrand_thermic_engine
Depths:3: minmay_the_grid_triangle_9x9_recursive_2
          [minmay_the_grid_triangle_9x9_prize_schism,
          minmay_the_grid_triangle_9x9_flanged_cone,
          minmay_the_grid_triangle_9x9_wacky_v,
          minmay_the_grid_triangle_9x9_impossible_snake], layout_cave_pools,
          grunt_pan_entry_sceptre, evilmike_ruin_ashenzari,
          pf_vacation_house_of_asmodeus, uniq_xtahua
Depths:4: box_level_dp, abyss_entry, hell_entry
Depths:5: grunt_zot_entry_alcove, layout_cave_pools, hell_entry,
          minmay_hollow_rounded_squares, serial_bayou_shore_a,
          serial_bayou_shore_b
Hell
Geh:1:    layout_gehenna_pools_triple
Coc:1:    layout_ice_bergs
Coc:2:    layout_cocytus_water_paths
Coc:3:    grunt_deathspiral_small, layout_cocytus_water_paths
Coc:4:    layout_cocytus_water_paths
Coc:5:    layout_ice_bergs
Coc:6:    layout_cocytus_water_paths
Coc:7:    coc_old

Skill      XL: |  1  2  3  4  5  6  7  8  9 10 11 12 13 14 15 16 17 18 19 20 21 22 23 24 25 26 27 |
---------------+----------------------------------------------------------------------------------+-----
Conjurations   | 5 6 7 8 9 10 11 13 15 16 18 19 21 22 24 25 | 25.0
Spellcasting   | 4 5 6 8 9 11 13 15 18 20 21 24 25 | 25.0
Fighting       | 5 7 8 12 15 17 18 20 | 20.1
Dodging        | 6 8 9 11 12 15 | 15.0
Fire Magic     | 2 |  2.7
Earth Magic    | 2 5 6 7 12 14 19 22 25 | 25.0
Shields        | 2 4 |  4.0
Charms         | 2 5 |  5.0
Necromancy     | 2 17 | 17.1
Ice Magic      | 3 |  3.0
Air Magic      | 7 13 | 13.6
Evocations     | 15 | 15.2
Stealth        | 10 | 10.0
Transmutations | 14 | 14.6
Armour         | |  0.3

Action                   |  1- 3 |  4- 6 |  7- 9 | 10-12 | 13-15 | 16-18 | 19-21 | 22-24 | 25-27 || total
-------------------------+-------+-------+-------+-------+-------+-------+-------+-------+-------++-------
Melee: Dagger            |       |     2 |       |       |       |       |       |       |       ||     2
       Flail             |       |       |     7 |     2 |       |       |       |       |       ||     9
       Mace              |       |       |       |    28 |    31 |     1 |     4 |    28 |   148 ||   240
       Staff             |       |       |       |       |       |     3 |       |       |       ||     3
       Rapier            |       |       |       |       |       |       |    28 |    24 |       ||    52
 Cast: Magic Dart        |    53 |    98 |   127 |   228 |    39 |    23 |     3 |     1 |       ||   572
       Searing Ray       |       |    13 |    79 |   154 |    67 |    18 |     4 |       |       ||   335
       Conjure Flame     |       |       |       |    28 |    11 |    23 |     4 |       |       ||    66
       Iron Shot         |       |       |       |    67 |   464 |   542 |   613 |   511 |   659 ||  2856
       Hailstorm         |       |       |       |     5 |    38 |     5 |       |     3 |       ||    51
       Iskenderun's Batt |       |       |       |       |    21 |    30 |     5 |     2 |     4 ||    62
       Orb of Destructio |       |       |       |       |       |    59 |    99 |    57 |   108 ||   323
       Borgnjor's Vile C |       |       |       |       |       |    11 |    30 |   106 |    78 ||   225
       Starburst         |       |       |       |       |       |    15 |       |       |       ||    15
       Shatter           |       |       |       |       |       |       |       |    21 |   339 ||   360
       Deflect Missiles  |       |       |       |       |       |       |       |       |     3 ||     3
       Necromutation     |       |       |       |       |       |       |       |       |    13 ||    13
Evoke: Wand              |       |       |       |       |       |       |       |     1 |       ||     1
  Use: Scroll            |       |     8 |     4 |     6 |    16 |    16 |    22 |    20 |    20 ||   112
       Potion            |       |       |       |       |       |       |     2 |     3 |     7 ||    12
 Stab: Distracted        |       |       |       |       |       |       |       |       |     1 ||     1
  Eat: Chunk             |       |     8 |     9 |    21 |    36 |    34 |    25 |    23 |     7 ||   163
       Ration            |       |       |     1 |     2 |     4 |     5 |    10 |     9 |    19 ||    50
Armor: Robe              |     5 |     1 |     4 |       |       |       |    12 |    36 |   134 ||   192
       Troll leather arm |       |       |    14 |    37 |    67 |    41 |    66 |       |       ||   225
Dodge: Dodged            |     9 |     7 |    66 |   162 |   226 |   143 |   163 |   155 |   591 ||  1522
       Deflected         |       |       |       |       |       |       |       |       |    49 ||    49
Block: Other             |       |       |       |     9 |       |       |       |       |       ||     9
       Reflection        |       |       |       |     7 |    13 |    17 |    16 |    48 |    12 ||   113
       Buckler           |       |       |       |    59 |   123 |    81 |   121 |   127 |   273 ||   784

Table legend:
 A = Non-vault XP
 B = Vault XP
 C = Vault XP percentage of total XP
 D = Non-vault monster count
 E = Vault monster count
 F = Vault count percentage of total count
                 A         B        C        D         E       F
            +---------+---------+-------+---------+---------+-------
      Total | 1010121 | 1079796 |  51.7 |    2140 |    1260 |  37.1
            +---------+---------+-------+---------+---------+-------
        D:1 |      73 |      35 |  32.4 |      26 |       1 |   3.7
        D:2 |      54 |      46 |  46.0 |      12 |       6 |  33.3
        D:3 |     145 |     198 |  57.7 |      23 |       2 |   8.0
        D:4 |     744 |     959 |  56.3 |      30 |      13 |  30.2
        D:5 |     302 |     509 |  62.8 |      14 |       4 |  22.2
        D:6 |     733 |     896 |  55.0 |      15 |       8 |  34.8
        D:7 |     741 |       0 |   0.0 |      17 |       0 |   0.0
        D:8 |     961 |    2962 |  75.5 |      13 |      11 |  45.8
        D:9 |    2484 |    3094 |  55.5 |      35 |      16 |  31.4
       D:10 |    2771 |     922 |  25.0 |      24 |       9 |  27.3
       D:11 |    3776 |    8115 |  68.2 |      39 |      72 |  64.9
       D:12 |    4704 |     698 |  12.9 |      46 |      35 |  43.2
       D:13 |    3149 |    2883 |  47.8 |      19 |       4 |  17.4
       D:14 |    4340 |    2604 |  37.5 |      15 |       5 |  25.0
       D:15 |   15474 |    4654 |  23.1 |      44 |      10 |  18.5
     Lair:1 |    2971 |       0 |   0.0 |      11 |       0 |   0.0
     Lair:2 |    2733 |       0 |   0.0 |       9 |       0 |   0.0
     Lair:3 |    2917 |    2788 |  48.9 |      15 |       3 |  16.7
     Lair:4 |   11728 |   12655 |  51.9 |      28 |      52 |  65.0
     Lair:5 |   13354 |    6085 |  31.3 |      28 |      16 |  36.4
     Lair:6 |   20358 |    9308 |  31.4 |      54 |      22 |  28.9
    Swamp:1 |   15052 |       0 |   0.0 |      43 |       0 |   0.0
    Swamp:2 |   15374 |    2015 |  11.6 |      40 |       1 |   2.4
    Swamp:3 |   12719 |       0 |   0.0 |      30 |       0 |   0.0
    Swamp:4 |   13313 |   24805 |  65.1 |      23 |      28 |  54.9
   Spider:1 |   11096 |    4285 |  27.9 |      30 |       2 |   6.2
   Spider:2 |   15612 |    1653 |   9.6 |      37 |       5 |  11.9
   Spider:3 |   10750 |    6586 |  38.0 |      30 |       5 |  14.3
   Spider:4 |    6231 |   22915 |  78.6 |      13 |      47 |  78.3
      Orc:1 |    2655 |    2660 |  50.0 |      10 |       3 |  23.1
      Orc:2 |    9218 |    8246 |  47.2 |      53 |      25 |  32.1
      Elf:1 |   28017 |    6786 |  19.5 |      43 |       7 |  14.0
      Elf:2 |   23807 |   24270 |  50.5 |      39 |      29 |  42.6
      Elf:3 |   15664 |   46250 |  74.7 |      28 |      30 |  51.7
   Vaults:1 |   37662 |   20862 |  35.6 |      74 |      24 |  24.5
   Vaults:2 |   43240 |   37154 |  46.2 |      73 |      39 |  34.8
   Vaults:3 |   26497 |   31486 |  54.3 |      37 |      36 |  49.3
   Vaults:4 |   26713 |   36501 |  57.7 |      39 |      44 |  53.0
   Vaults:5 |   50769 |  158615 |  75.8 |      77 |      95 |  55.2
    Crypt:1 |   23064 |    7163 |  23.7 |      41 |      19 |  31.7
    Crypt:2 |   14512 |    8362 |  36.6 |      27 |      10 |  27.0
    Crypt:3 |    2973 |   43808 |  93.6 |      10 |      75 |  88.2
     Tomb:1 |    6729 |  137325 |  95.3 |      22 |      67 |  75.3
     Tomb:2 |    2630 |   31698 |  92.3 |      12 |      20 |  62.5
   Depths:1 |   23964 |    2033 |   7.8 |      35 |       5 |  12.5
   Depths:2 |   24575 |   56303 |  69.6 |      24 |      37 |  60.7
   Depths:3 |   33050 |   36339 |  52.4 |      43 |      18 |  29.5
   Depths:4 |   29124 |   83812 |  74.2 |      40 |      72 |  64.3
   Depths:5 |   42209 |   43681 |  50.9 |      44 |      25 |  36.2
       Hell |   18222 |   48903 |  72.9 |      35 |      76 |  68.5
      Coc:1 |   72953 |       0 |   0.0 |     126 |       0 |   0.0
      Coc:2 |   39327 |       0 |   0.0 |      78 |       0 |   0.0
      Coc:3 |   40521 |   11942 |  22.8 |      92 |      17 |  15.6
      Coc:4 |   33533 |       0 |   0.0 |      59 |       0 |   0.0
      Coc:5 |   51953 |     331 |   0.6 |      64 |       1 |   1.5
      Coc:6 |   34857 |       0 |   0.0 |      84 |       0 |   0.0
      Coc:7 |   57024 |   63593 |  52.7 |      68 |      45 |  39.8
      Sewer |       0 |     135 | 100.0 |       0 |       6 | 100.0
      IceCv |       0 |    9868 | 100.0 |       0 |      58 | 100.0
            +---------+---------+-------+---------+---------+-------
